 Dungeon Crawl Stone Soup version 0.19-a0-459-gb8ed64d (webtiles) character file.

181 eoe the Firebug (level 5, -1/45 HPs)
             Began as a Draconian Fire Elementalist on June 2, 2016.
             Slain by a killer bee (3 damage)
             ... on level 3 of the Dungeon.
             The game lasted 00:17:49 (2879 turns).

eoe the Firebug (Draconian Fire Elementalist)       Turns: 2879, Time: 00:17:52

Health: -1/45      AC:  6    Str: 10    XL:     5   Next: 34%
Magic:  2/8        EV: 12    Int: 16    God:
Gold:   89         SH:  0    Dex: 12    Spells: 1 memorised, 7 levels left

rFire  . . .     SeeInvis .     c - +0 dagger
rCold  . . .     Gourm    .     (armour unavailable)
rNeg   . . .     Faith    .     (no shield)
rPois  .         Spirit   .     (helmet restricted)
rElec  .         Dismiss  .     (no cloak)
rCorr  .         Reflect  .     m - +0 pair of gloves
SustAt .         Harm     .     (no boots)
MR     .....                    (no amulet)
Stlth  ++........               (no ring)
                                (no ring)

@: lethally poisoned (-1 -> -9), not resistant to hostile enchantments,
unstealthy
A: unfitting armour, cold-blooded, AC +5
a: no special abilities


You were on level 3 of the Dungeon.
You were hungry.

You visited 1 branch of the dungeon, and saw 3 of its levels.

You collected 89 gold pieces.

Inventory:

Hand Weapons
 c - a +0 dagger (weapon)
Armour
 m - a +0 pair of gloves (worn)
Scrolls
 d - 2 scrolls of teleportation {unknown}
 e - 2 scrolls of amnesia {unknown}
 f - a scroll of enchant armour {unknown}
 j - a scroll of immolation {unknown}
 k - a scroll of remove curse {unknown}
 l - a scroll of identify {unknown}
Potions
 b - a potion of haste {unknown}
 g - 3 potions of magic {unknown}
 h - a potion of curing {unknown}
 i - a potion of agility {unknown}
 o - a potion of ambrosia {unknown}
Books
 a - a book of Flames

   Spells                             Type                      Level
   a - Flame Tongue                   Conjuration/Fire             1
   b - Throw Flame                    Conjuration/Fire             2
   c - Conjure Flame                  Conjuration/Fire             3
   d - Inner Flame                    Hexes/Fire                   3
   e - Sticky Flame                   Conjuration/Fire             4
   f - Fireball                       Conjuration/Fire             5
Comestibles
 n - 2 chunks of flesh


   Skills:
 - Level 3.0 Fighting
 - Level 1.7 Dodging
 + Level 2.6 Stealth
 - Level 2.0 Spellcasting
 - Level 1.0 Conjurations
 * Level 4.8 Fire Magic


You had 7 spell levels left.
You knew the following spells:

 Your Spells              Type           Power        Failure   Level  Hunger
a - Flame Tongue          Conj/Fire      ##...        10%         1    #......


Dungeon Overview and Level Annotations

Branches:
Dungeon (3/15)

Altars:
Ashenzari
Okawaru

Annotations:
D:2 Robin


Innate Abilities, Weirdness & Mutations

Your plain brown scales are hard. (AC +5)
Your body does not fit into most forms of armour.
You are cold-blooded and may be slowed by cold attacks.


Message History

The killer bee stings you.
* * * LOW HITPOINT WARNING * * *
The killer bee misses you. The killer bee closely misses you. x2
A hobgoblin comes into view.
The killer bee barely misses you.
The killer bee stings you but does no damage.
The killer bee misses you.
Casting: Flame Tongue
Confirm with . or Enter, or press ? or * to list all spells.
Aiming: Flame Tongue
Press: ? - help, Shift-Dir - straight line, f/p - killer bee
Aim: a killer bee (severely wounded)
The flame tongue hits the killer bee.
You kill the killer bee!
The hobgoblin shouts!
The killer bee stings you.
* * * LOW HITPOINT WARNING * * *
You are more poisoned.
The killer bee poisons you! The killer bee stings you.
You die...

#........#.# ##.#..#.....
#####..###.###
#....#...... #)...#...#
#...#..#....
#....###.#####..#..#.....
#....###..........#...!
#......#....###..#..#
##.....#....##..#%.#...
#..#........y....#......
###..###.....@y..$#..#...b
#.....##......†..#..#..###
#.....##.......#..........
#.....##...........#..##..
#...................g## #
#......#.##..........#
#......#..#.##.......#
#..[...##.#.#...$....#
#.......#.#.#..


You could see 2 killer bees and a hobgoblin.

Vanquished Creatures
  A killer bee (D:3)
  Jessica (D:2)
  An adder (D:2)
  3 gnolls
  An ooze (D:3)
  A worm (D:2)
  A dart slug (D:2)
  4 giant geckos
  8 bats
  3 giant cockroaches
  12 goblins
  8 hobgoblins
  7 kobolds
  3 giant newts
  7 rats
61 creatures vanquished.

Notes
Turn   | Place    | Note
--------------------------------------------------------------
     0 | D:1      | eoe the Draconian Fire Elementalist began the quest for the Orb.
     0 | D:1      | Reached XP level 1. HP: 14/14 MP: 3/3
   229 | D:1      | Reached XP level 2. HP: 21/22 MP: 1/5
   348 | D:1      | Reached skill level 1 in Fighting
  1140 | D:2      | Noticed Jessica
  1151 | D:2      | Killed Jessica
  1151 | D:2      | Reached XP level 3. HP: 13/30 MP: 2/6
  1373 | D:2      | Found a shattered altar of Ashenzari.
  1501 | D:2      | Reached skill level 4 in Fire Magic
  1514 | D:2      | Reached XP level 4. HP: 30/37 MP: 0/7
  2533 | D:2      | Noticed Robin
  2667 | D:3      | Found an iron altar of Okawaru.
  2800 | D:3      | Reached XP level 5. HP: 45/45 MP: 4/8
  2879 | D:3      | HP: 2/45 [killer bee (3)]
  2879 | D:3      | Slain by a killer bee

Vault maps used:
D:1:      dpeg_arrival_renting, grunt_decor_resistance, minmay_stone_trees_small
D:2:      nicolae_ashenzari_panopticon, uniq_robin, uniq_jessica
D:3:      kennysheep_okawaru_gauntlet, minmay_misc_feat_diagonals

Skill      XL: |  1  2  3  4 |
---------------+-------------+-----
Fighting       | 2 3 |  3.0
Fire Magic     | 4 |  4.8
Stealth        | 2 |  2.6
Dodging        | |  1.7
Spellcasting   | |  2.0
Conjurations   | |  1.0

Action                   |  1- 3 |  4- 6 || total
-------------------------+-------+-------++-------
Melee: Dagger            |     8 |    48 ||    56
       Tailslap          |     1 |     1 ||     2
 Cast: Flame Tongue      |    45 |    65 ||   110
  Eat: Bread ration      |     1 |       ||     1
       Chunk             |       |     3 ||     3
Armor: Skin              |    14 |    31 ||    45
Dodge: Dodged            |    16 |    68 ||    84
